 Dungeon Crawl Stone Soup version 0.26.1-11-gd32895ea62 (webtiles) character file.

Game seed: 9292824596816698849

287 Zeld the Cudgeller (level 6, -3/39 HPs)
             Began as an Octopode Warper on May 18, 2021.
             Slain by an adder (4 damage)
             ... on level 3 of the Dungeon.
             The game lasted 00:05:48 (4499 turns).

Zeld the Cudgeller (Octopode Warper)                Turns: 4499, Time: 00:05:50

Health: -3/39      AC:  1    Str: 13    XL:     6   Next: 30%
Magic:  7/12       EV: 13    Int: 15    God:
Gold:   258        SH:  0    Dex: 11    Spells: 2/13 levels left

rFire    . . .     SeeInvis .   a - +0 mace
rCold    . . .     Faith    .   (no shield)
rNeg     . . .     Spirit   .   (helmet restricted)
rPois    .         Reflect  .   (no amulet)
rElec    .         Harm     .   (no ring)
rCorr    .         Rampage  .   (no ring)
Will     .....                  (no ring)
Stlth    ++........             (no ring)
HPRegen  0.13/turn              (no ring)
MPRegen  0.13/turn              (no ring)
                                (no ring)
                                (no ring)

@: lethally poisoned (-3 -> -5)
A: almost no armour, stealthy swim, amphibious, 8 rings, constrict 8, camouflage
1, gelatinous body 1
a: no special abilities


You were on level 3 of the Dungeon.
You visited 1 branch of the dungeon, and saw 3 of its levels.

You collected 258 gold pieces.

Inventory:

Hand Weapons
 a - a +0 mace (weapon)
Missiles
 h - 8 boomerangs (quivered)
Jewellery
 r - an uncursed ring of ice {unknown}
Scrolls
 c - a scroll of blinking
 d - a scroll of fog {unknown}
 e - 6 scrolls of identify {unknown}
 f - 2 scrolls of remove curse {unknown}
 j - 5 scrolls of teleportation {unknown}
 k - a scroll of fear {unknown}
 n - a scroll of magic mapping {unknown}
 p - a scroll of noise {unknown}
Potions
 b - a potion of brilliance {unknown}
 g - 2 potions of curing {unknown}
 i - 2 potions of degeneration {unknown}
 l - a potion of ambrosia {unknown}
 m - a potion of mutation {unknown}
 o - a potion of magic {unknown}
 q - 2 potions of haste {unknown}
 s - a potion of attraction {unknown}


   Skills:
 - Level 2.0 Fighting
 * Level 4.7 Maces & Flails
 - Level 1.0 Throwing
 - Level 2.3 Dodging
 * Level 4.3 Spellcasting
 - Level 3.0 Translocations


You had 2 spell levels left.
You knew the following spells:

 Your Spells              Type           Power        Failure   Level
a - Blink                 Tloc           N/A          8%          2
b - Gell's Gravitas       Tloc           6%           16%         3
c - Lesser Beckoning      Tloc           6%           16%         3
d - Teleport Other        Tloc           12%          16%         3

Your spell library contained the following spells:

 Spells                   Type           Power        Failure   Level
 Passage of Golubria      Tloc           N/A          45%         4


Dungeon Overview and Level Annotations

Branches:
Dungeon (3/15)

Altars:
Ashenzari
Yredelemnul


Innate Abilities, Weirdness & Mutations

You cannot wear most types of armour.
You are very stealthy in the water. (Stealth+)
You are amphibious.
You can wear up to eight rings at the same time.
You can use your tentacles to constrict eight enemies at once.
Your skin changes colour to match your surroundings (Stealth+).
Your rubbery body absorbs attacks. (AC +1, EV +1)


Message History

Confirm with . or Enter, or press ? or * to list all spells.
You blink.
You feel sick.
Casting: Blink (safe; 8% risk of failure)
Confirm with . or Enter, or press ? or * to list all spells.
You blink.
Floosh!
You feel sick.
You feel sick. The adder closely misses you. The adder barely misses you.
You feel sick. The adder closely misses you.
You feel sick. The adder bites you.
* * * LOW HITPOINT WARNING * * *
You hit the adder. Your grab misses the adder.
The adder is lightly wounded.
* * * LOW HITPOINT WARNING * * *
You feel sick. The adder bites you.
* * * LOW HITPOINT WARNING * * *
The adder bites you.
You die...

.........# ..^....#. ..#......#
####....... #........#
#........# ##.#######
#.......########### ##.###
#.................# .....#
#..........######.#
.....#######.......##.# #.#
#..........>...[...##.# #.#
##...##)........@SWY#.# ###.# #
##.###.....###'###S#≈####...#.#
##.#.......# #. #.≈≈≈.....##.#
##.......#### #. #.Y≈####.....#
#........# ###+# #≈≈#####...###
.........# #.....##≈≈# #.....#
.........# #.....##≈.###.....#
........)# #.......≈..#......#
......#+## #......#≈≈.#..#...#


You could see a phantom, an ice beast and 2 adders.

Vanquished Creatures
  Sigmund (D:3)
  4 adders
  A worm (D:2)
  A dart slug (D:1)
  A leopard gecko (D:2)
  9 orcs
  A ball python (D:1)
  10 bats
  7 giant cockroaches
  7 hobgoblins
  3 jackals (D:1)
  2 quokkas
  7 frilled lizards
  8 goblins
  5 kobolds
  9 rats
76 creatures vanquished.

Notes
Turn   | Place    | Note
-------+----------+-------------------------------------------
     0 | D:1      | Zeld the Octopode Warper began the quest for the Orb.
     0 | D:1      | Reached XP level 1. HP: 14/14 MP: 3/3
   547 | D:1      | Reached XP level 2. HP: 12/19 MP: 5/5
   550 | D:1      | Learned a level 2 spell: Blink
  1014 | D:1      | Reached XP level 3. HP: 12/24 MP: 6/6
  1018 | D:1      | Learned a level 3 spell: Gell's Gravitas
  1727 | D:2      | Reached XP level 4. HP: 22/29 MP: 8/8
  1731 | D:2      | Learned a level 3 spell: Lesser Beckoning
  2374 | D:2      | Found a basalt altar of Yredelemnul.
  2375 | D:2      | Found a broken altar of Ashenzari.
  2818 | D:2      | Found a faded altar of an unknown god.
  2989 | D:3      | Noticed Sigmund
  3772 | D:3      | Reached XP level 5. HP: 34/34 MP: 10/10
  3776 | D:3      | Learned a level 3 spell: Teleport Other
  3801 | D:3      | Killed Sigmund
  3802 | D:3      | Reached XP level 6. HP: 15/39 MP: 10/12
  4449 | D:3      | Noticed a phantom
  4464 | D:3      | Noticed an ice beast
  4499 | D:3      | HP: 1/39 [adder (2)]
  4499 | D:3      | Slain by an adder

Illustrated notes

Levels and vault maps discovered:
D:1:      dpeg_arrival_stone_temple_mockup, layout_loops_ring,
          columned_hall_lemuel, st_stairs_12
D:2:      layout_basic, gammafunk_temple_overflow_pools,
          chequers_ecumenical_altar_lobes
D:3:      layout_basic, serial_rivers, chequers_serial_rivers_micro_a,
          chequers_serial_rivers_marsh, chequers_serial_rivers_small_a,
          chequers_serial_rivers_large_a, minmay_box_of_dots, uniq_sigmund

Skill      XL: |  1  2  3  4  5 |
---------------+----------------+-----
Maces & Flails | 3 4 |  4.7
Spellcasting   | 3 4 |  4.3
Fighting       | |  2.0
Throwing       | |  1.0
Dodging        | |  2.3
Translocations | |  3.0

Action                   |  1- 3 |  4- 6 || total
-------------------------+-------+-------++-------
Melee: Mace              |    82 |    89 ||   171
       Constrict         |    21 |    23 ||    44
       Tentacles         |    13 |    11 ||    24
Throw: Boomerang         |     5 |       ||     5
 Cast: Blink             |       |     4 ||     4
 Stab: Sleeping          |     6 |     1 ||     7
Armor: Skin              |     7 |     9 ||    16
Dodge: Dodged            |    66 |    87 ||   153
